 Dungeon Crawl Stone Soup version 0.31-a0-180-g519b7de00c (webtiles) character file.

Game seed: 4908279494742053383

3051 MacCMillion the Frost Mage (level 9, -1/67 HPs)
             Began as a Gnoll Ice Elementalist on June 20, 2023.
             Slain by Joseph
             ... wielding a +0 quarterstaff
              (9 damage)
             ... on level 7 of the Dungeon.
             The game lasted 00:16:54 (10176 turns).

MacCMillion the Frost Mage (GnIE)                  Turns: 10176, Time: 00:16:54

Health: -1/67      AC: 17    Str: 15    XL:     9   Next: 87%
Magic:  19/19      EV: 13    Int: 18    God:
Gold:   447        SH:  0    Dex: 12    Spells: 15/22 levels left

rFire   . . .        C - +2 spear (flame)
rCold   . . .        (no shield)
rNeg    . . .        H - +0 acid dragon scales
rPois   .            (no helmet)
rElec   .            (no cloak)
rCorr   +            p - +0 pair of gloves
SInv    .            (no boots)
Will    .....        G - amulet of magic regeneration
Stlth   +++          A - +4 ring of protection
HPRegen 0.31/turn    I - +6 ring of strength
MPRegen 0.56/turn

%: no passive effects
@: ice-armoured, studying Polearms
A: fangs 1, strong nose, distributed training
a: no special abilities


You were on level 7 of the Dungeon.
You visited 2 branches of the dungeon, and saw 8 of its levels.
You also visited: Ossuary.

You collected 447 gold pieces.

Inventory:

Hand Weapons
 g - a +0 dagger
 n - a +0 sling
 C - a +2 spear of flaming (weapon)
Missiles
 v - 24 poisoned darts
 w - 2 boomerangs
 x - 6 javelins
 F - 3 throwing nets
Armour
 a - a +0 robe
 p - a +0 pair of gloves (worn)
 H - +0 acid dragon scales (worn)
Jewellery
 A - a +4 ring of protection (left hand)
 B - a ring of ice
 G - an amulet of magic regeneration (around neck)
 I - a +6 ring of strength (right hand)
Wands
 k - a wand of acid (8)
 z - a wand of charming (8)
 E - a wand of roots (3)
Scrolls
 c - 11 scrolls of identify {unknown}
 d - a scroll of enchant armour {unknown}
 h - 2 scrolls of teleportation {unknown}
 j - a scroll of torment {unknown}
 l - 3 scrolls of vulnerability {unknown}
 m - 2 scrolls of fog {unknown}
 o - 4 scrolls of noise {unknown}
 q - 2 scrolls of fear {unknown}
 s - a scroll of immolation {unknown}
 t - 2 scrolls of poison {unknown}
 u - a scroll of enchant weapon {unknown}
 y - 2 scrolls of revelation {unknown}
 L - a scroll of silence {unknown}
 M - a scroll of blinking {unknown}
Potions
 b - 3 potions of magic
 e - a potion of mutation {unknown}
 f - a potion of lignification {unknown}
 i - 2 potions of might
 r - a potion of enlightenment {unknown}
 D - 6 potions of curing
 J - 2 potions of cancellation {unknown}
 K - 2 potions of degeneration {unknown}


   Skills:
 + Level 4.8 Fighting
 + Level 4.8 Short Blades
 + Level 4.8 Long Blades
 + Level 4.8 Axes
 + Level 4.8 Maces & Flails
 + Level 5.6 Polearms
 + Level 4.8 Staves
 + Level 4.8 Ranged Weapons
 + Level 4.8 Throwing
 + Level 4.8 Armour
 + Level 6.7 Dodging
 + Level 6.5 Stealth
 + Level 4.8 Shields
 + Level 4.8 Unarmed Combat
 + Level 7.0 Spellcasting
 + Level 4.0 Conjurations
 + Level 4.0 Hexes
 + Level 4.0 Summonings
 + Level 4.0 Necromancy
 + Level 4.0 Translocations
 + Level 4.0 Transmutations
 + Level 4.0 Fire Magic
 + Level 8.2 Ice Magic
 + Level 4.0 Air Magic
 + Level 4.0 Earth Magic
 + Level 4.0 Poison Magic
 + Level 5.3 Invocations
 + Level 4.8 Evocations


You had 15 spell levels left.
You knew the following spells:

 Your Spells              Type           Power      Damage    Failure   Level
a - Freeze                Ice            100%       1d10      1%          1
b - Frozen Ramparts       Ice            72%        1d11      1%          3
c - Ozocubu's Armour      Ice            36%        N/A       1%          3

Your spell library contained the following spells:

 Spells                   Type           Power      Damage    Failure   Level
 Apportation              Tloc           40%        N/A       2%          1
 Necrotise                Necr           80%        1d8       2%          1
 Shock                    Conj/Air       80%        1d8       2%          1
 Sting                    Tmut/Pois      80%        1d7       2%          1
 Summon Small Mammal      Summ           80%        N/A       2%          1
 Hailstorm                Conj/Ice       28%        3d8       3%          3
 Poisonous Vapours        Pois/Air       40%        N/A       4%          2
 Scorch                   Fire           40%        2d6       4%          2
 Gell's Gravitas          Tloc           20%        N/A       9%          3
 Swiftness                Air            20%        N/A       9%          3
 Teleport Other           Tloc           20%        N/A       9%          3
 Summon Ice Beast         Ice/Summ       28%        N/A       12%         4
 Airstrike                Air            10%        2d(2-18)  28%         4
 Anguish                  Hex/Necr       10%        N/A       28%         4
 Cause Fear               Hex            10%        N/A       28%         4
 Flame Wave               Conj/Fire      20%        2d7       28%         4
 Olgreb's Toxic Radiance  Pois           20%        N/A       28%         4
 Dispersal                Tloc           10%        N/A       99%         6
 Summon Cactus Giant      Summ           10%        N/A       99%         6
 Enfeeble                 Hex            10%        N/A       100%        7


Dungeon Overview and Level Annotations

Branches:
Dungeon (7/15)             Temple (1/1) D:5         Ossuary (visited)

Altars:
Ashenzari
Dithmenos
Gozag
Hepliaklqana
Makhleb
Nemelex Xobeh
Okawaru
Qazlal
Ru
Trog
Uskayaw
Vehumet
Wu Jian
Xom
Yredelemnul
Zin
The Shining One
Lugonu

Shops:
D:6 :

Annotations:
D:3 Grinder
D:7 Joseph


Innate Abilities, Weirdness & Mutations

You have very sharp teeth.
Your uncanny sense of smell can sniff out nearby items.
Your experience applies equally to all skills.


Message History

Joseph hits you but does no damage.
You hit Joseph but do no damage. You punch Joseph.
Joseph is lightly wounded.
You hit Joseph. You burn Joseph.
Joseph is moderately wounded.
Joseph hits you with a +0 quarterstaff!
You barely miss Joseph.
Joseph is moderately wounded.
Joseph hits you with a +0 quarterstaff!
You hit Joseph. You burn Joseph.
Joseph is moderately wounded.
Joseph hits you with a +0 quarterstaff.
You are too injured to fight recklessly!
You are too injured to fight recklessly!
You are too injured to fight recklessly!
You are too injured to fight recklessly!
You hit Joseph but do no damage.
Joseph is moderately wounded.
Joseph hits you with a +0 quarterstaff.
You puncture Joseph! You burn Joseph.
Joseph is heavily wounded.
You hit Joseph. You burn Joseph.
Joseph is heavily wounded.
Joseph hits you with a +0 quarterstaff!
* * * LOW HITPOINT WARNING * * *
You hit Joseph. You burn Joseph. You bite Joseph, but do no damage.
Joseph is heavily wounded.
Joseph hits you but does no damage.
You hit Joseph. You burn Joseph. Your bite misses Joseph.
Joseph is heavily wounded.
Joseph hits you with a +0 quarterstaff.
* * * LOW HITPOINT WARNING * * *
You closely miss Joseph.
Joseph is heavily wounded.
Joseph hits you with a +0 quarterstaff!
* * * LOW HITPOINT WARNING * * *
You hit Joseph. You burn Joseph.
Joseph is severely wounded.
Joseph hits you with a +0 quarterstaff!
You die...

#.#
#.....#
#.#
#.....#
#.#
#.....#
#.#
#######
#.# #.#
#.# #.#
#@#
......@.#
.########


You could see Joseph.

Vanquished Creatures
  Maggie (D:6)
  A water moccasin (D:6)
  2 orc warriors
  4 black bears
  An ice beast (D:6)
  2 ogres
  2 phantoms
  A kobold brigand (D:7)
  An elf zombie (Ossuary)
  2 gnoll sergeants
  A bullfrog (D:6)
  A water moccasin zombie (D:6)
  4 scorpions
  2 bullfrog zombies (D:6)
  5 hounds
  3 centaur zombies
  2 jellies
  A gnoll bouda (D:4)
  3 orc priests
  3 iguanas
  3 orc wizards (D:7)
  2 mummies (Ossuary)
  A howler monkey skeleton (D:6)
  15 gnolls
  7 adders
  3 white imps
  2 adder zombies (Ossuary)
  A worm (D:4)
  7 dart slugs
  48 orcs
  5 endoplasms
  9 giant cockroaches
  3 goblins
  10 hobgoblins
  2 quokkas
  4 ball pythons
  4 bats
  3 frilled lizards
  A goblin zombie (Ossuary)
  10 hobgoblin zombies (Ossuary)
  3 jackal zombies (Ossuary)
  8 kobolds
  7 kobold zombies (Ossuary)
  10 orc zombies (Ossuary)
  6 rats
  3 rat zombies
219 creatures vanquished.

Notes
Turn   | Place    | Note
-------+----------+-------------------------------------------
     0 | D:1      | MacCMillion the Gnoll Ice Elementalist began the quest for
                  | the Orb.
     0 | D:1      | Reached XP level 1. HP: 13/13 MP: 6/6
   144 | D:1      | Reached XP level 2. HP: 19/19 MP: 5/7
   483 | D:1      | Found a faded altar of an unknown god.
   715 | D:1      | Reached skill level 5 in Spellcasting
   715 | D:1      | Reached XP level 3. HP: 25/25 MP: 5/9
   980 | D:2      | Reached skill level 1 in Invocations
  1112 | D:2      | Learned a level 3 spell: Frozen Ramparts
  1116 | D:2      | Learned a level 3 spell: Ozocubu's Armour
  1299 | D:2      | Identified the +0 robe of the Tundras {Contam Rampage Fly
                  | rN+}
  1318 | D:2      | Reached skill level 1 in Fighting
  1318 | D:2      | Reached skill level 1 in Short Blades
  1318 | D:2      | Reached skill level 1 in Long Blades
  1318 | D:2      | Reached skill level 1 in Axes
  1318 | D:2      | Reached skill level 1 in Maces & Flails
  1318 | D:2      | Reached skill level 1 in Polearms
  1318 | D:2      | Reached skill level 1 in Staves
  1318 | D:2      | Reached skill level 1 in Ranged Weapons
  1318 | D:2      | Reached skill level 1 in Throwing
  1318 | D:2      | Reached skill level 1 in Armour
  1318 | D:2      | Reached skill level 1 in Shields
  1318 | D:2      | Reached skill level 1 in Unarmed Combat
  1318 | D:2      | Reached skill level 1 in Evocations
  1415 | D:2      | Reached XP level 4. HP: 22/32 MP: 9/11
  1917 | D:3      | Found a hazy altar of Hepliaklqana.
  2282 | D:3      | Found a shadowy altar of Dithmenos.
  2389 | D:3      | Reached skill level 1 in Conjurations
  2389 | D:3      | Reached skill level 1 in Hexes
  2389 | D:3      | Reached skill level 1 in Summonings
  2389 | D:3      | Reached skill level 1 in Necromancy
  2389 | D:3      | Reached skill level 1 in Translocations
  2389 | D:3      | Reached skill level 1 in Transmutations
  2389 | D:3      | Reached skill level 1 in Fire Magic
  2389 | D:3      | Reached skill level 1 in Air Magic
  2389 | D:3      | Reached skill level 1 in Earth Magic
  2389 | D:3      | Reached skill level 1 in Poison Magic
  2421 | D:3      | Found a shimmering altar of Xom.
  2473 | D:3      | Found a stormy altar of Qazlal.
  2844 | D:3      | Noticed Grinder
  2936 | D:3      | Reached XP level 5. HP: 37/37 MP: 12/12
  3559 | D:4      | Reached XP level 6. HP: 21/44 MP: 8/14
  3566 | D:4      | Reached skill level 5 in Dodging
  3769 | D:4      | Found a radiant altar of Vehumet.
  4280 | D:4      | Found a broken altar of Ashenzari.
  4284 | D:4      | Saw a vision of the Swamp and the Snake Pit.
  4284 | D:4      | Noticed a spriggan rider
  4284 | D:4      | Noticed a tyrant leech
  4284 | D:4      | Noticed a tyrant leech
  4284 | D:4      | Noticed a goliath frog
  4284 | D:4      | Noticed a swamp drake
  4284 | D:4      | Noticed an anaconda
  4284 | D:4      | Noticed a black mamba
  4284 | D:4      | Noticed a vampire mosquito
  4285 | D:4      | Noticed a bloated husk
  4285 | D:4      | Noticed a bunyip
  4286 | D:4      | Noticed a ghost crab
  4290 | D:4      | Noticed a naga sharpshooter
  4293 | D:4      | Noticed a mana viper
  4366 | D:4      | Reached XP level 7. HP: 38/50 MP: 12/15
  4918 | D:5      | Entered Level 5 of the Dungeon
  5100 | D:5      | Reached skill level 5 in Stealth
  5866 | D:5      | Reached XP level 8. HP: 39/56 MP: 7/16
  6447 | D:5      | Found a burning altar of Makhleb.
  6480 | D:5      | Found a staircase to the Ecumenical Temple.
  6489 | Temple   | Entered the Ecumenical Temple
  7887 | D:6      | Reached XP level 9. HP: 65/65 MP: 14/18
  8185 | D:6      | Reached skill level 8 in Ice Magic
  8585 | D:6      | Found Irrev's Book Shop.
  8613 | D:6      | Noticed Maggie
  8628 | D:6      | Killed Maggie
  8629 | D:6      | Reached skill level 5 in Polearms
  8629 | D:6      | Reached skill level 5 in Invocations
  8829 | D:6      | Found an iron altar of Okawaru.
  9015 | D:7      | Found a glowing silver altar of Zin.
  9221 | D:7      | Found a sand-covered staircase.
  9228 | Ossuary  | Entered an ossuary
 10153 | D:7      | Noticed Joseph
 10176 | D:7      | Slain by Joseph

Illustrated notes

Levels and vault maps discovered:
D:1:      dpeg_arrival_long_road, layout_loops_ring,
          shapermc_ecumenical_altar_totnotflames
D:2:      minmay_skewed_foursquare, layout_rooms
D:3:      layout_basic, nicolae_dithmenos_through_a_glass_darkly,
          mainiacjoe_overflow_alcove_1, lemuel_round_altar,
          nicolae_hepliaklqana_hazy_memory, uniq_grinder
D:4:      layout_loops_corners, overflow_temple_1_default,
          grunt_ashenzari_visionary [grunt_ashenzari_visionary_swamp,
          grunt_ashenzari_visionary_snake]
D:5:      layout_rooms, lightli_temple_of_fire, minmay_temple_entry_wispy,
          grunt_ministairs_13
D:6:      layout_loops_corners, lemuel_round_altar, serial_shops, shop,
          serial_undead, serial_undead_a, serial_undead_c, serial_undead_f,
          serial_undead_c, minmay_manual_moon, uniq_maggie
D:7:      cheibrodos_iron_armory, layout_basic, zin_statuary, enter_ossuary_4,
          uniq_joseph
Temple:   corrupted_temple

Skill      XL: |  1  2  3  4  5  6  7  8  9 |
---------------+----------------------------+-----
Spellcasting   | 5 6 7 |  7.0
Invocations    | 1 2 3 4 5 |  5.3
Fighting       | 1 2 3 4 |  4.8
Short Blades   | 1 2 3 4 |  4.8
Long Blades    | 1 2 3 4 |  4.8
Axes           | 1 2 3 4 |  4.8
Maces & Flails | 1 2 3 4 |  4.8
Polearms       | 1 2 3 5 |  5.6
Staves         | 1 2 3 4 |  4.8
Ranged Weapons | 1 2 3 4 |  4.8
Throwing       | 1 2 3 4 |  4.8
Armour         | 1 2 3 4 |  4.8
Shields        | 1 2 3 4 |  4.8
Unarmed Combat | 1 2 3 4 |  4.8
Evocations     | 1 2 3 4 |  4.8
Conjurations   | 1 2 3 4 |  4.0
Hexes          | 1 2 3 4 |  4.0
Summonings     | 1 2 3 4 |  4.0
Necromancy     | 1 2 3 4 |  4.0
Translocations | 1 2 3 4 |  4.0
Transmutations | 1 2 3 4 |  4.0
Fire Magic     | 1 2 3 4 |  4.0
Air Magic      | 1 2 3 4 |  4.0
Earth Magic    | 1 2 3 4 |  4.0
Poison Magic   | 1 2 3 4 |  4.0
Dodging        | 5 6 |  6.7
Stealth        | 5 6 |  6.5
Ice Magic      | 8 |  8.2

Action                     |  1- 3 |  4- 6 |  7- 9 || total
---------------------------+-------+-------+-------++-------
  Melee: Unarmed           |     4 |       |       ||     4
         Dagger            |    15 |    85 |   114 ||   214
         Bite              |     1 |    11 |    63 ||    75
         Punch             |       |     2 |    15 ||    17
         Spear             |       |       |   347 ||   347
   Fire: Sling             |       |    71 |    12 ||    83
   Cast: Freeze            |    38 |     4 |    15 ||    57
         Frozen Ramparts   |       |    24 |    36 ||    60
         Ozocubu's Armour  |       |     4 |    37 ||    41
    Use: Potion            |       |       |     1 ||     1
   Stab: Sleeping          |     3 |     2 |     5 ||    10
 Armour: Robe              |     7 |    34 |    79 ||   120
         Acid dragon scale |       |       |   114 ||   114
  Dodge: Dodged            |    34 |    56 |   307 ||   397

Table legend: (Time is in decaauts)
 A = Elapsed time spent in this place.
 B = Non-inter-level travel time spent in this place.
 C = Inter-level travel time spent in this place.
 D = Time resting spent in this place.
 E = Time spent auto-exploring this place.
 F = Levels seen in this place.
 G = Mean time per level.
                   A        B        C        D        E       F      G
               +--------+--------+--------+--------+--------+-----+--------+
         Total |  10123 |   9477 |    646 |   2244 |   5416 |   9 | 1124.8 |
       Dungeon |   9560 |   8926 |    634 |   2077 |   5268 |   7 | 1365.7 |
        Temple |     45 |     33 |     12 |      0 |     26 |   1 |   45.0 |
       Ossuary |    518 |    518 |      0 |    167 |    122 |   1 |  518.0 |
               +--------+--------+--------+--------+--------+-----+--------+

Top non-repeatable levels by time:
     D:4: 2577 daAuts
     D:6: 1947 daAuts
     D:3: 1568 daAuts
     D:2: 961 daAuts
     D:1: 946 daAuts
     D:5: 932 daAuts
     D:7: 626 daAuts
 Ossuary: 518 daAuts
  Temple: 45 daAuts
